 Dungeon Crawl Stone Soup version 0.31-a0-1-g4198be8af4 (webtiles) character file.

Game seed: 3515016847341178757

60 Dadi the Cudgeller (level 4, 0/28 HPs)
             Began as a Gargoyle Fighter on May 3, 2023.
             Killed from afar by Sigmund (2 damage)
             ... with a magic dart
             ... on level 2 of the Dungeon.
             The game lasted 00:01:41 (1151 turns).

Dadi the Cudgeller (Gargoyle Fighter)               Turns: 1151, Time: 00:01:42

Health: 0/28       AC: 10    Str: 21    XL:     4   Next: 4%
Magic:  4/4        EV:  9    Int:  9    God:
Gold:   120        SH:  4    Dex:  9    Spells: 3/3 levels left

rFire   . . .        a - +0 flail
rCold   . . .        c - +0 buckler
rNeg    + . .        b - +0 scale mail
rPois   ∞            (no helmet)
rElec   +            (no cloak)
rCorr   .            (no gloves)
SInv    .            (no boots)
Will    .....        (no amulet) Stlth
                     (no ring)
HPRegen 0.24/turn    (no ring)
MPRegen 0.09/turn

%: no passive effects
@: no status effects
A: sickness immunity, AC +3, negative energy resistance 1, electricity
resistance, torment resistance 1, petrification resistance
a: no special abilities


You were on level 2 of the Dungeon.
You visited 1 branch of the dungeon, and saw 2 of its levels.

You collected 120 gold pieces.

Inventory:

Hand Weapons
 a - a +0 flail (weapon)
Armour
 b - a +0 scale mail (worn)
 c - a +0 buckler (worn)
Scrolls
 i - a scroll of identify {unknown}
 j - a scroll of teleportation {unknown}
 m - a scroll of magic mapping {unknown}
Potions
 d - 2 potions of might
 e - a potion of flight {unknown}
 f - a potion of brilliance {unknown}
 g - a potion of heal wounds {unknown}
 h - a potion of degeneration {unknown}
 k - a potion of resistance {unknown}
 l - a potion of magic {unknown}
 n - a potion of haste {unknown}


   Skills:
 - Level 3.2 Fighting
 + Level 4.2 Maces & Flails
 - Level 3.2 Armour
 - Level 3.2 Shields


You had 3 spell levels left.
You didn't know any spells.
Your spell library was empty.

Dungeon Overview and Level Annotations

Branches:
Dungeon (2/15)

Altars:

Annotations:
D:2 Sigmund


Innate Abilities, Weirdness & Mutations

You are immune to sickness and miasma.
Your stone body is resilient. (AC +3)
You are immune to poison.
You resist negative energy. (rN+)
You are resistant to electric shocks. (rElec)
You are resistant to unholy torment.
You are immune to petrification.


Message History

No target in view!
Things that are here:
a +0 short sword; a stone; a kobold corpse
Found a leather armour.
You now have 120 gold pieces (gained 17).
You see here a +0 leather armour.
Sigmund the Dreaded comes into view.
He is wielding a +0 scythe.
Sigmund gestures at you while chanting. The magic dart hits you!
Sigmund is nearby!
Sigmund is nearby!
Press: ? - help, v - describe, . - travel A dispersal trap.
You see here a +0 leather armour.
Sigmund giggles. "Time to reap what you sow."
Things that are here:
a +0 short sword; a stone; a kobold corpse Sigmund gestures at you while chanting.
The puff of flame hits you!
There is an open door here.
You close the door.
Sigmund breaks down the door.
Sigmund casts a spell at you.
You are confused.
Sigmund gestures at you while chanting.
You are more confused.
Sigmund hits you with a +0 scythe!
Sigmund casts a spell.
Sigmund flickers and vanishes!
Deactivating autopickup; reactivate with Ctrl-A.
You feel less confused. Something hits you!
* * * LOW HITPOINT WARNING * * *
You open the door. Something hits you.
* * * LOW HITPOINT WARNING * * *
There is an open door here.
Something tries to affect you, but you resist.
A magic dart appears from out of thin air!
The magic dart hits you.
You die...

.. ..##.# #@# ## #.#.# #.##.# #.#
.## #.#.# #.##.# #@# ..# #.#.##
#.##'## #.. ..### #....###.#...##
### ....# ###.............## ##..
.##.## #....#.###.......###...
.....######....#.##.........##...
.........)......@.'..{......')..[
.....######......##[........###..
.....# #>#..#####.......## ##.
.....# #....# ##......# #. .....#
###.## ##...#.# #. .....# #.#
#..##.# #. #.#### #.# #..##.# .
#.# #.# ....... #..##


There were no monsters in sight!

Vanquished Creatures
  2 adders (D:2)
  2 dart slugs
  2 ball pythons
  4 endoplasms
  A giant cockroach (D:1)
  4 goblins
  3 hobgoblins
  6 kobolds
  A quokka (D:2)
  3 bats
  2 frilled lizards
  7 rats
37 creatures vanquished.

Notes
Turn   | Place    | Note
-------+----------+-------------------------------------------
     0 | D:1      | Dadi the Gargoyle Fighter began the quest for the Orb.
     0 | D:1      | Reached XP level 1. HP: 14/14 MP: 1/1
   278 | D:1      | Reached XP level 2. HP: 19/19 MP: 2/2
   322 | D:1      | Reached skill level 3 in Maces & Flails
   556 | D:1      | Reached XP level 3. HP: 23/23 MP: 3/3
   978 | D:2      | Reached skill level 4 in Maces & Flails
  1069 | D:2      | Reached XP level 4. HP: 28/28 MP: 4/4
  1117 | D:2      | Noticed Sigmund
  1151 | D:2      | Killed from afar by Sigmund

Illustrated notes

Levels and vault maps discovered:
D:1:      noname_arrival_rooms_in_the_neighbourhood, layout_basic
D:2:      layout_loops_corners, chequers_garden, uniq_sigmund

Skill      XL: |  1  2  3 |
---------------+----------+-----
Maces & Flails | 3 4 |  4.2
Fighting       | |  3.2
Armour         | |  3.2
Shields        | |  3.2

Action                     |  1- 3 |  4- 6 || total
---------------------------+-------+-------++-------
  Melee: Flail             |    99 |     4 ||   103
 Armour: Scale mail        |    47 |     2 ||    49
  Dodge: Dodged            |    51 |       ||    51
  Block: Buckler           |    15 |     1 ||    16

Table legend: (Time is in decaauts)
 A = Elapsed time spent in this place.
 B = Non-inter-level travel time spent in this place.
 C = Inter-level travel time spent in this place.
 D = Time resting spent in this place.
 E = Time spent auto-exploring this place.
 F = Levels seen in this place.
 G = Mean time per level.
                   A        B        C        D        E       F      G
               +--------+--------+--------+--------+--------+-----+--------+
         Total |   1180 |   1160 |     20 |     31 |    844 |   2 |  590.0 |
       Dungeon |   1180 |   1160 |     20 |     31 |    844 |   2 |  590.0 |
               +--------+--------+--------+--------+--------+-----+--------+

Top non-repeatable levels by time:
     D:1: 850 daAuts
     D:2: 329 daAuts
